WCHLSIM.com - West Coast Hockey League
html PUBLIC "-//W3C//DTD XHTML 1.0 Transitional//EN" "http://www.w3.org/TR/xhtml1/DTD/xhtml1-transitional.dtd"> WCHL - Game 3 - OKANAGAN RATTLESNAKES vs WINNIPEG BEAVERS

OKANAGAN RATTLESNAKES vs WINNIPEG BEAVERS

Created - 12 octobre 2022 at 21:06

Goals
1 2 3 OT1 SO T
OKANAGAN RATTLESNAKES 0 1 1 0 1 3
WINNIPEG BEAVERS 1 1 0 0 0 2
Shots
1 2 3 OT1 SO T
OKANAGAN RATTLESNAKES 3 4 6 3 3 16
WINNIPEG BEAVERS 10 11 9 5 3 35

1st period

1. WINNIPEG BEAVERS , Ondrej Palat 1 (Rasmus Ristolainen 1) at 15:55 (PP)

Penalties :
Brad Marchand (WIN) for Hooking (Minor) at 1:50, Vince Dunn (OKA) for Elbowing (Minor) at 2:52, Ian Cole (WIN) for Tripping (Minor) at 10:18, Jani Hakanpaa (OKA) for Tripping (Minor) at 14:16

2nd period

2. OKANAGAN RATTLESNAKES , Anders Lee 1 (Lars Eller 1, Mattias Ekholm 1) at 5:45
3. WINNIPEG BEAVERS , Jordan Staal 1 (Joe Pavelski 1, Brad Marchand 1) at 14:08 (PP)

Penalties :
T.J. Oshie (OKA) for Hooking (Minor) at 0:04, Darren Helm (OKA) for Boarding (Minor) at 13:20

3rd period

4. OKANAGAN RATTLESNAKES , T.J. Oshie 1 (Lars Eller 2, Anders Lee 1) at 7:36

Penalties :
Vince Dunn (OKA) for Hooking (Minor) at 7:47, Sean Kuraly (WIN) for Hooking (Minor) at 16:08

Overtime #1

No Goal

Penalties :
No Penalty

Shootout

OKANAGAN RATTLESNAKES, T.J. Oshie - Goal!
WINNIPEG BEAVERS, Joe Pavelski - Stopped by Ville Husso
OKANAGAN RATTLESNAKES, Lars Eller - Stopped by Anton Forsberg
WINNIPEG BEAVERS, Brad Marchand - Shot Misses the Net
OKANAGAN RATTLESNAKES, Jordan Eberle - Shot Misses the Net
WINNIPEG BEAVERS, Jordan Staal - Stopped by Ville Husso

Penalties :
No Penalty

Goalie Stats

Ville Husso (OKA), 33 saves from 35 shots - (0,943), W, 1-0-0, 65:00 minutes
Anton Forsberg (WIN), 14 saves from 16 shots - (0,875), OTL, 0-0-1, 65:00 minutes

Players Stats for OKANAGAN RATTLESNAKES

Player Name              G  A  P  +/- PIM S  H  SB GA TA FO     MP     PP MP  PK MP  
------------------------------------------------------------------------------------
Alexander Wennberg       0  0  0   0  0   0  0  0  0  0  3/13   14:37   2:26   0:44 
Anders Lee               1  1  2   2  0   4  1  0  0  0  1/3    23:17   2:34   3:00 
Colin White              0  0  0   0  0   1  0  0  0  0  0/1    13:34   0:00   0:00 
Darren Helm              0  0  0   0  2   1  0  0  0  0  1/1    14:22   0:00   0:49 
Eric Robinson            0  0  0   0  0   0  0  0  0  0  1/1     6:35   0:00   0:11 
Jani Hakanpaa            0  0  0   1  2   0  2  0  0  0  0/0    16:56   0:00   0:27 
Jordan Eberle            0  0  0   0  0   2  0  1  0  0  0/1    19:15   2:26   3:00 
Justin Faulk             0  0  0   1  0   1  0  2  0  0  0/0    26:25   2:34   3:21 
Lars Eller               0  2  2   2  0   3  2  1  0  0  11/23  25:31   2:34   4:16 
Luke Kunin               0  0  0   0  0   0  0  0  0  0  2/6     6:24   0:00   0:00 
Mattias Ekholm           0  1  1   1  0   0  1  4  0  0  0/0    24:51   2:34   3:33 
Mike Hoffman             0  0  0   0  0   2  0  0  0  0  0/0    13:53   2:26   0:00 
Olli Maatta              0  0  0   0  0   0  1  1  0  0  0/0    20:28   2:26   3:40 
Oskar Sundqvist          0  0  0   0  0   1  0  0  0  0  3/12   13:34   0:00   0:00 
Ryan Reaves              0  0  0   0  0   0  1  0  0  0  0/0     6:24   0:00   0:00 
T.J. Oshie               1  0  1   2  2   1  0  0  0  0  3/9    24:08   2:34   2:54 
Travis Dermott           0  0  0   1  0   0  0  2  0  0  0/0    17:48   0:00   1:27 
Vince Dunn               0  0  0   0  4   0  2  0  0  0  0/0    18:29   2:25   2:26 

Players Stats for WINNIPEG BEAVERS

Player Name              G  A  P  +/- PIM S  H  SB GA TA FO     MP     PP MP  PK MP  
------------------------------------------------------------------------------------
Alexander Radulov        0  0  0   0  0   2  0  0  0  0  0/0    16:52   2:57   0:00 
Brad Marchand            0  1  1   0  2   3  1  1  0  0  0/1    22:56   4:08   2:33 
Brandon Tanev            0  0  0  -1  0   1  2  0  0  0  1/2    13:16   0:00   0:07 
Caleb Jones              0  0  0  -1  0   1  0  0  0  0  0/0    16:12   0:00   1:08 
Carson Soucy             0  0  0  -1  0   0  2  0  0  0  0/0    16:04   1:00   0:00 
Chris Tanev              0  0  0  -1  0   3  1  1  0  0  0/0    24:19   4:01   2:52 
Ian Cole                 0  0  0  -1  2   0  0  0  0  0  0/0    18:57   2:48   1:00 
Jack Roslovic            0  0  0  -1  0   2  0  0  0  0  3/4    17:38   3:19   0:00 
Joe Pavelski             0  1  1   0  0   6  0  0  0  0  12/21  24:01   4:08   2:40 
Joe Thornton             0  0  0   0  0   1  1  0  0  0  3/7     5:39   0:00   0:00 
Jordan Staal             1  0  1  -1  0   7  0  0  0  0  20/24  22:34   4:08   2:20 
Ondrej Palat             1  0  1  -1  0   4  0  0  0  0  0/0    21:45   3:19   2:20 
Rasmus Ristolainen       0  1  1   0  0   0  4  0  0  0  0/0    22:39   3:15   2:08 
Sean Kuraly              0  0  0  -1  2   1  2  0  0  0  5/10   14:53   0:22   0:00 
Seth Griffith            0  0  0   0  0   0  0  0  0  0  0/0     5:39   0:00   0:00 
Steven Lorentz           0  0  0   0  0   0  0  0  0  0  1/1     5:39   0:00   0:00 
Tyler Ennis              0  0  0  -1  0   2  0  0  0  0  0/0    13:09   0:00   0:00 
Victor Hedman            0  0  0   0  0   2  0  1  0  0  0/0    26:48   3:50   2:52 

3 Stars

1 - Anders Lee (OKA)
2 - Lars Eller (OKA)
3 - Ville Husso (OKA)

Power Play

OKANAGAN RATTLESNAKES - 0 on 3 Attempt(s) - 0,00%
WINNIPEG BEAVERS - 2 on 5 Attempt(s) - 40,00%

Penalty Kill

OKANAGAN RATTLESNAKES - 3 on 5 Attempt(s) - 60,00% - Score 0 goal in Penalty Kill
WINNIPEG BEAVERS - 3 on 3 Attempt(s) - 100,00% - Score 0 goal in Penalty Kill

Team Stat

OKANAGAN RATTLESNAKES - Hits : 10 - Faceoff Wins : 25 - Blocked Shots : 11 - Penalty Minutes : 10
WINNIPEG BEAVERS - Hits : 13 - Faceoff Wins : 45 - Blocked Shots : 3 - Penalty Minutes : 6

Official

Referees : Mike Campbell and Wes McCauley
Linesman : Greg Devorski and Brian Murphy

Game Notes

No Game Note

Finance

Level 1 -- Attendance: 6000 (100,00%) -- Ticket Income 936 000 $
Level 2 -- Attendance: 4978 (99,56%) -- Ticket Income 592 382 $
Level 3 -- Attendance: 2000 (100,00%) -- Ticket Income 190 000 $
Level 4 -- Attendance: 3697 (92,43%) -- Ticket Income 269 881 $
Luxury Box -- Attendance: 790 (79,00%) -- Ticket Income 264 650 $
Total Attendance: 17465 (97,03%)
Total Ticket Income: 2 252 913 $
Other Expense: 22 529 $
Total Income: 2 230 384 $

OKANAGAN RATTLESNAKES

5 vs 5 Forward 
   Center                   Left Wing                Right Wing               Time % Phy DF OF 
 1 Lars Eller               Anders Lee               T.J. Oshie               36     1   2  2  
 2 Alexander Wennberg       Mike Hoffman             Jordan Eberle            31     1   2  2  
 3 Oskar Sundqvist          Darren Helm              Colin White              23     1   2  2  
 4 Luke Kunin               Eric Robinson            Ryan Reaves              10     1   2  2  

5 vs 5 Defense 
   Defense                  Defense                                           Time % Phy DF OF 
 1 Justin Faulk             Mattias Ekholm                                    36     1   2  2  
 2 Vince Dunn               Olli Maatta                                       31     1   2  2  
 3 Jani Hakanpaa            Travis Dermott                                    23     1   2  2  
 4 Justin Faulk             Mattias Ekholm                                    10     1   2  2  

PowerPlay Forward 
   Center                   Left Wing                Right Wing               Time % Phy DF OF 
 1 Lars Eller               Anders Lee               T.J. Oshie               55     1   2  2  
 2 Alexander Wennberg       Mike Hoffman             Jordan Eberle            45     1   2  2  

PowerPlay Defense
   Defense                  Defense                                           Time % Phy DF OF 
 1 Justin Faulk             Mattias Ekholm                                    55     1   2  2  
 2 Vince Dunn               Olli Maatta                                       45     1   2  2  

Penalty Kill 4 Players Forward 
   Center                   Wing                     Time % Phy DF OF 
 1 T.J. Oshie               Lars Eller               55     1   2  2  
 2 Jordan Eberle            Anders Lee               45     1   2  2  

Penalty Kill 4 Players Defense
   Defense                  Defense                  Time % Phy DF OF 
 1 Justin Faulk             Mattias Ekholm           55     1   2  2  
 2 Vince Dunn               Olli Maatta              45     1   2  2  

Penalty Kill - 3 Players Forward 
   Forward                                           Time % Phy DF OF 
 1 T.J. Oshie                                        55     1   2  2  
 2 Lars Eller                                        45     1   2  2  

Penalty Kill - 3 Players Defense
   Defense                  Defense                  Time % Phy DF OF 
 1 Justin Faulk             Mattias Ekholm           55     1   2  2  
 2 Vince Dunn               Olli Maatta              45     1   2  2  

4 vs 4 Forward 
   Center                   Wing                     Time % Phy DF OF 
 1 T.J. Oshie               Lars Eller               55     1   2  2  
 2 Jordan Eberle            Anders Lee               45     1   2  2  

4 vs 4 Defense
   Defense                  Defense                  Time % Phy DF OF 
 1 Justin Faulk             Mattias Ekholm           55     1   2  2  
 2 Vince Dunn               Olli Maatta              45     1   2  2  

Last Minutes Offensive
   Center                   Left Wing                Right Wing               Defense                  Defense                  
   Lars Eller               Anders Lee               T.J. Oshie               Justin Faulk             Mattias Ekholm           

Last Minutes Defensive
   Center                   Left Wing                Right Wing               Defense                  Defense                  
   Lars Eller               Anders Lee               T.J. Oshie               Justin Faulk             Mattias Ekholm           

Goaltenders
Starting : Ville Husso              
Backup : Laurent Brossoit         

Extra Forwards
Normal : Oskar Sundqvist, Colin White, Darren Helm - PP : Oskar Sundqvist, Colin White - PK : Darren Helm
Extra Defensemen
Normal : Jani Hakanpaa, Travis Dermott, Vince Dunn - PP : Jani Hakanpaa - PK : Travis Dermott, Vince Dunn
Penalty Shots
T.J. Oshie, Lars Eller, Jordan Eberle, Anders Lee, Alexander Wennberg
Custom OT Lines Forwards
T.J. Oshie, Lars Eller, Jordan Eberle, Anders Lee, Alexander Wennberg, Mike Hoffman, Oskar Sundqvist, Colin White, Darren Helm, Eric Robinson
Custom OT Lines Defensemen
Justin Faulk, Mattias Ekholm, Vince Dunn, Olli Maatta, Jani Hakanpaa

Scratches
Kevin Labanc (Healthy), Markus Nutivaara (Healthy), Carter Hutton (Healthy)

WINNIPEG BEAVERS

5 vs 5 Forward 
   Center                   Left Wing                Right Wing               Time % Phy DF OF 
 1 Joe Pavelski             Brad Marchand            Alexander Radulov        33     1   2  2  
 2 Jordan Staal             Ondrej Palat             Jack Roslovic            31     0   3  2  
 3 Sean Kuraly              Brandon Tanev            Tyler Ennis              26     1   4  0  
 4 Joe Thornton             Steven Lorentz           Seth Griffith            10     1   2  0  

5 vs 5 Defense 
   Defense                  Defense                                           Time % Phy DF OF 
 1 Victor Hedman            Rasmus Ristolainen                                33     1   2  2  
 2 Chris Tanev              Ian Cole                                          32     1   2  2  
 3 Carson Soucy             Caleb Jones                                       28     1   2  2  
 4 Victor Hedman            Chris Tanev                                       7      1   2  2  

PowerPlay Forward 
   Center                   Left Wing                Right Wing               Time % Phy DF OF 
 1 Jordan Staal             Brad Marchand            Joe Pavelski             53     1   2  2  
 2 Jack Roslovic            Ondrej Palat             Alexander Radulov        47     1   2  2  

PowerPlay Defense
   Defense                  Defense                                           Time % Phy DF OF 
 1 Victor Hedman            Chris Tanev                                       53     1   2  2  
 2 Rasmus Ristolainen       Ian Cole                                          47     1   2  2  

Penalty Kill 4 Players Forward 
   Center                   Wing                     Time % Phy DF OF 
 1 Joe Pavelski             Brad Marchand            51     0   4  1  
 2 Jordan Staal             Ondrej Palat             49     0   4  1  

Penalty Kill 4 Players Defense
   Defense                  Defense                  Time % Phy DF OF 
 1 Victor Hedman            Chris Tanev              53     1   2  2  
 2 Rasmus Ristolainen       Ian Cole                 47     1   2  2  

Penalty Kill - 3 Players Forward 
   Forward                                           Time % Phy DF OF 
 1 Jordan Staal                                      55     1   2  2  
 2 Sean Kuraly                                       45     1   2  2  

Penalty Kill - 3 Players Defense
   Defense                  Defense                  Time % Phy DF OF 
 1 Victor Hedman            Chris Tanev              55     1   2  2  
 2 Rasmus Ristolainen       Ian Cole                 45     1   2  2  

4 vs 4 Forward 
   Center                   Wing                     Time % Phy DF OF 
 1 Joe Pavelski             Brad Marchand            55     1   2  2  
 2 Jordan Staal             Ondrej Palat             45     1   2  2  

4 vs 4 Defense
   Defense                  Defense                  Time % Phy DF OF 
 1 Victor Hedman            Chris Tanev              55     1   2  2  
 2 Rasmus Ristolainen       Ian Cole                 45     1   2  2  

Last Minutes Offensive
   Center                   Left Wing                Right Wing               Defense                  Defense                  
   Joe Pavelski             Brad Marchand            Alexander Radulov        Victor Hedman            Chris Tanev              

Last Minutes Defensive
   Center                   Left Wing                Right Wing               Defense                  Defense                  
   Joe Pavelski             Brad Marchand            Alexander Radulov        Victor Hedman            Chris Tanev              

Goaltenders
Starting : Anton Forsberg           
Backup : Braden Holtby            

Extra Forwards
Normal : Sean Kuraly, Joe Thornton, Brandon Tanev - PP : Sean Kuraly, Joe Thornton - PK : Brandon Tanev
Extra Defensemen
Normal : Carson Soucy, Caleb Jones, Rasmus Ristolainen - PP : Carson Soucy - PK : Caleb Jones, Rasmus Ristolainen
Penalty Shots
Joe Pavelski, Brad Marchand, Jordan Staal, Ondrej Palat, Sean Kuraly
Custom OT Lines Forwards
Joe Pavelski, Brad Marchand, Jordan Staal, Ondrej Palat, Sean Kuraly, Alexander Radulov, Jack Roslovic, Joe Thornton, Brandon Tanev, Tyler Ennis
Custom OT Lines Defensemen
Victor Hedman, Chris Tanev, Rasmus Ristolainen, Ian Cole, Carson Soucy

Scratches
None


% Time on Ice - OKANAGAN RATTLESNAKES

Lines # - Real PCT - Wanted PCT - Time Play
Normal Forward
1 - 33% - 36% - 15:16
2 - 24% - 31% - 11:22
3 - 29% - 23% - 13:34
4 - 14% - 10% - 6:24
Normal Defense
1 - 33% - 36% - 15:15
2 - 29% - 31% - 13:34
3 - 35% - 23% - 16:21
4 - 3% - 10% - 1:26
PP Forward
1 - 51% - 55% - 2:34
2 - 49% - 45% - 2:26
PP Defense
1 - 51% - 55% - 2:34
2 - 49% - 45% - 2:26
PK Forward
1 - 60% - 55% - 4:27
2 - 40% - 45% - 3:00
PK Defense
1 - 36% - 55% - 2:42
2 - 64% - 45% - 4:45
PK3 Forward
1 - 0% - 55%
2 - 0% - 45%
PK3 Defense
1 - 0% - 55%
2 - 0% - 45%
44 Forward
1 - 84% - 55% - 0:48
2 - 16% - 45% - 0:09
44 Defense
1 - 0% - 55% - 0:00
2 - 100% - 45% - 0:57
Last Minute Offensive  - 0:00
Last Minute Defensive  - 0:00
Total
Forward - 60:00
Defense - 60:00

% Time on Ice - WINNIPEG BEAVERS

Lines # - Real PCT - Wanted PCT - Time Play
Normal Forward
1 - 29% - 33% - 13:29
2 - 31% - 31% - 14:19
3 - 28% - 26% - 13:09
4 - 12% - 10% - 5:39
Normal Defense
1 - 34% - 33% - 15:42
2 - 31% - 32% - 14:13
3 - 32% - 28% - 15:04
4 - 3% - 7% - 1:37
PP Forward
1 - 55% - 53% - 4:08
2 - 45% - 47% - 3:19
PP Defense
1 - 56% - 53% - 4:12
2 - 44% - 47% - 3:15
PK Forward
1 - 53% - 51% - 2:40
2 - 47% - 49% - 2:20
PK Defense
1 - 57% - 53% - 2:52
2 - 43% - 47% - 2:08
PK3 Forward
1 - 0% - 55%
2 - 0% - 45%
PK3 Defense
1 - 0% - 55%
2 - 0% - 45%
44 Forward
1 - 100% - 55% - 0:57
2 - 0% - 45% - 0:00
44 Defense
1 - 0% - 55% - 0:00
2 - 100% - 45% - 0:57
Last Minute Offensive  - 0:00
Last Minute Defensive  - 0:00
Total
Forward - 60:00
Defense - 60:00

Play-by-Play

1st period


0:01 of 1st period - Joe Pavelski wins face-off versus Lars Eller in neutral zone.
0:03 of 1st period - Off-side.
0:04 of 1st period - Jordan Staal wins face-off versus Alexander Wennberg in neutral zone.
0:18 of 1st period - Shot by Ondrej Palat.
0:18 of 1st period - Stopped by Ville Husso without a rebound.
0:19 of 1st period - Oskar Sundqvist wins face-off versus Sean Kuraly in OKANAGAN RATTLESNAKES zone.
0:19 of 1st period - Oskar Sundqvist is hit by Brandon Tanev.
0:30 of 1st period - Darren Helm is hit by Carson Soucy and loses puck.
0:51 of 1st period - Shot by Brandon Tanev.
0:51 of 1st period - Shot Misses the Net.
1:06 of 1st period - Icing by Jani Hakanpaa.
1:07 of 1st period - Joe Pavelski wins face-off versus Oskar Sundqvist in OKANAGAN RATTLESNAKES zone.
1:08 of 1st period - Shot by Brad Marchand.
1:08 of 1st period - Shot Misses the Net.
1:10 of 1st period - Shot by Rasmus Ristolainen.
1:10 of 1st period - Shot Misses the Net.
1:33 of 1st period - Shot by Brad Marchand.
1:33 of 1st period - Shot Misses the Net.
1:50 of 1st period - Minor Penalty to Brad Marchand for Hooking.
1:51 of 1st period - Lars Eller wins face-off versus Jordan Staal in WINNIPEG BEAVERS zone.
1:52 of 1st period - Shot by T.J. Oshie.
1:52 of 1st period - Shot Misses the Net.
1:54 of 1st period - Shot by Lars Eller.
1:54 of 1st period - Shot Misses the Net.
1:56 of 1st period - Shot by T.J. Oshie.
1:56 of 1st period - Shot Blocked by Chris Tanev.
2:02 of 1st period - Shot by Lars Eller.
2:02 of 1st period - Shot Misses the Net.
2:52 of 1st period - Minor Penalty to Vince Dunn for Elbowing.
2:53 of 1st period - T.J. Oshie wins face-off versus Joe Pavelski in OKANAGAN RATTLESNAKES zone.
3:04 of 1st period - Shot by Lars Eller.
3:04 of 1st period - Shot Misses the Net.
3:10 of 1st period - Shot by T.J. Oshie.
3:10 of 1st period - Shot Misses the Net.
3:20 of 1st period - Shot by Sean Kuraly.
3:20 of 1st period - Shot Blocked by Justin Faulk.
3:46 of 1st period - Anders Lee is hit by Sean Kuraly and loses puck.
4:04 of 1st period - Shot by Chris Tanev.
4:04 of 1st period - Deflect By Jack Roslovic.
4:04 of 1st period - Shot Misses the Net.
4:08 of 1st period - Shot by Ondrej Palat.
4:08 of 1st period - Shot Misses the Net.
4:10 of 1st period - Shot by Victor Hedman.
4:10 of 1st period - Stopped by Ville Husso with a rebound.
4:12 of 1st period - Shot by Chris Tanev.
4:12 of 1st period - Shot Misses the Net.
4:14 of 1st period - Shot by Chris Tanev.
4:14 of 1st period - Shot Misses the Net.
4:16 of 1st period - Shot by Alexander Radulov.
4:16 of 1st period - Shot Blocked by Mattias Ekholm.
4:18 of 1st period - Shot by Victor Hedman.
4:18 of 1st period - Shot Misses the Net.
4:20 of 1st period - Shot by Victor Hedman.
4:20 of 1st period - Shot Blocked by Jordan Eberle.
5:05 of 1st period - Shot by Joe Thornton.
5:05 of 1st period - Stopped by Ville Husso with a rebound.
5:08 of 1st period - Joe Thornton is hit by Vince Dunn and loses puck.
5:15 of 1st period - Shot by Seth Griffith.
5:15 of 1st period - Shot Misses the Net.
5:37 of 1st period - Shot by Chris Tanev.
5:37 of 1st period - Stopped by Ville Husso without a rebound.
5:38 of 1st period - Jordan Staal wins face-off versus Colin White in OKANAGAN RATTLESNAKES zone.
5:45 of 1st period - Shot by Oskar Sundqvist.
5:45 of 1st period - Shot Hit the Post.
6:22 of 1st period - Off-side.
6:23 of 1st period - Lars Eller wins face-off versus Joe Pavelski in neutral zone.
6:51 of 1st period - Shot by Joe Pavelski.
6:51 of 1st period - Stopped by Ville Husso without a rebound.
6:52 of 1st period - Sean Kuraly wins face-off versus Alexander Wennberg in OKANAGAN RATTLESNAKES zone.
7:27 of 1st period - Shot by Sean Kuraly.
7:27 of 1st period - Stopped by Ville Husso without a rebound.
7:28 of 1st period - Jordan Staal wins face-off versus Lars Eller in OKANAGAN RATTLESNAKES zone.
7:49 of 1st period - Shot by Jordan Staal.
7:49 of 1st period - Stopped by Ville Husso without a rebound.
7:50 of 1st period - Luke Kunin wins face-off versus Joe Pavelski in OKANAGAN RATTLESNAKES zone.
8:12 of 1st period - Joe Pavelski is hit by Jani Hakanpaa and loses puck.
8:17 of 1st period - Shot by Brad Marchand.
8:17 of 1st period - Shot Blocked by Travis Dermott.
8:46 of 1st period - Shot by Ondrej Palat.
8:46 of 1st period - Shot Blocked by Travis Dermott.
9:15 of 1st period - Shot by Jordan Staal.
9:15 of 1st period - Shot Blocked by Mattias Ekholm.
9:17 of 1st period - Shot by Ondrej Palat.
9:17 of 1st period - Shot Misses the Net.
9:49 of 1st period - Shot by Lars Eller.
9:49 of 1st period - Stopped by Anton Forsberg without a rebound.
9:50 of 1st period - Alexander Wennberg wins face-off versus Joe Thornton in WINNIPEG BEAVERS zone.
10:11 of 1st period - Shot by Jordan Eberle.
10:11 of 1st period - Stopped by Anton Forsberg with a rebound.
10:18 of 1st period - Minor Penalty to Ian Cole for Tripping.
10:19 of 1st period - Joe Pavelski wins face-off versus T.J. Oshie in WINNIPEG BEAVERS zone.
10:58 of 1st period - Shot by Justin Faulk.
10:58 of 1st period - Shot Blocked by Brad Marchand.
12:05 of 1st period - Shot by Justin Faulk.
12:05 of 1st period - Shot Misses the Net.
12:47 of 1st period - Shot by Colin White.
12:47 of 1st period - Stopped by Anton Forsberg without a rebound.
12:48 of 1st period - Jordan Staal wins face-off versus Luke Kunin in WINNIPEG BEAVERS zone.
13:59 of 1st period - Off-side.
14:00 of 1st period - Sean Kuraly wins face-off versus Lars Eller in neutral zone.
14:02 of 1st period - Brandon Tanev is hit by Lars Eller and loses puck.
14:16 of 1st period - Minor Penalty to Jani Hakanpaa for Tripping.
14:17 of 1st period - Jordan Staal wins face-off versus T.J. Oshie in OKANAGAN RATTLESNAKES zone.
14:41 of 1st period - Icing by Joe Pavelski.
14:42 of 1st period - Jordan Staal wins face-off versus T.J. Oshie in WINNIPEG BEAVERS zone.
15:09 of 1st period - Shot by Brad Marchand.
15:09 of 1st period - Shot Misses the Net.
15:35 of 1st period - Shot by Ondrej Palat.
15:35 of 1st period - Shot Misses the Net.
15:37 of 1st period - Shot by Rasmus Ristolainen.
15:37 of 1st period - Shot Misses the Net.
15:39 of 1st period - Shot by Ian Cole.
15:39 of 1st period - Shot Blocked by Olli Maatta.
15:55 of 1st period - Shot by Ondrej Palat.
15:55 of 1st period - Goal by Ondrej Palat - OKANAGAN RATTLESNAKES : 0 - WINNIPEG BEAVERS : 1.
15:56 of 1st period - Oskar Sundqvist wins face-off versus Sean Kuraly in neutral zone.
17:36 of 1st period - Shot by Brad Marchand.
17:36 of 1st period - Shot Misses the Net.
17:38 of 1st period - Shot by Joe Pavelski.
17:38 of 1st period - Deflect By Brad Marchand.
17:38 of 1st period - Shot Misses the Net.
17:40 of 1st period - Shot by Joe Pavelski.
17:40 of 1st period - Shot Misses the Net.
17:52 of 1st period - Shot by Brad Marchand.
17:52 of 1st period - Shot Misses the Net.
17:54 of 1st period - Shot by Brad Marchand.
17:54 of 1st period - Stopped by Ville Husso without a rebound.
17:55 of 1st period - Jordan Staal wins face-off versus Lars Eller in OKANAGAN RATTLESNAKES zone.
17:56 of 1st period - Shot by Ondrej Palat.
17:56 of 1st period - Shot Misses the Net.
18:19 of 1st period - Shot by Ondrej Palat.
18:19 of 1st period - Shot Blocked by Lars Eller.
18:25 of 1st period - Shot by Ondrej Palat.
18:25 of 1st period - Shot Misses the Net.
19:01 of 1st period - Shot by Joe Pavelski.
19:01 of 1st period - Stopped by Ville Husso without a rebound.
19:02 of 1st period - Sean Kuraly wins face-off versus Alexander Wennberg in OKANAGAN RATTLESNAKES zone.
19:06 of 1st period - Sean Kuraly is hit by Olli Maatta and loses puck.
19:42 of 1st period - Shot by Sean Kuraly.
19:42 of 1st period - Shot Misses the Net.
19:44 of 1st period - Shot by Sean Kuraly.
19:44 of 1st period - Deflect By Tyler Ennis.
19:44 of 1st period - Shot Misses the Net.
19:46 of 1st period - Shot by Brandon Tanev.
19:46 of 1st period - Shot Misses the Net.
19:56 of 1st period - Shot by Brad Marchand.
19:56 of 1st period - Shot Misses the Net.
Goals for this period are 0 for OKANAGAN RATTLESNAKES vs 1 for WINNIPEG BEAVERS.
Shots for this period are 3 for OKANAGAN RATTLESNAKES vs 10 for WINNIPEG BEAVERS.

2nd period


0:01 of 2nd period - Lars Eller wins face-off versus Joe Pavelski in neutral zone.
0:04 of 2nd period - Minor Penalty to T.J. Oshie for Hooking.
0:05 of 2nd period - Darren Helm wins face-off versus Jordan Staal in OKANAGAN RATTLESNAKES zone.
0:40 of 2nd period - Shot by Victor Hedman.
0:40 of 2nd period - Stopped by Ville Husso with a rebound.
0:42 of 2nd period - Shot by Chris Tanev.
0:42 of 2nd period - Stopped by Ville Husso without a rebound.
0:43 of 2nd period - Jack Roslovic wins face-off versus Alexander Wennberg in OKANAGAN RATTLESNAKES zone.
0:46 of 2nd period - Shot by Alexander Radulov.
0:46 of 2nd period - Stopped by Ville Husso without a rebound.
0:47 of 2nd period - Jack Roslovic wins face-off versus Alexander Wennberg in OKANAGAN RATTLESNAKES zone.
2:00 of 2nd period - Shot by Joe Pavelski.
2:00 of 2nd period - Deflect By Brad Marchand.
2:00 of 2nd period - Shot Misses the Net.
2:10 of 2nd period - Icing by Oskar Sundqvist.
2:11 of 2nd period - Sean Kuraly wins face-off versus Oskar Sundqvist in OKANAGAN RATTLESNAKES zone.
2:29 of 2nd period - Icing by Travis Dermott.
2:30 of 2nd period - Steven Lorentz wins face-off versus Oskar Sundqvist in OKANAGAN RATTLESNAKES zone.
3:05 of 2nd period - Icing by Travis Dermott.
3:06 of 2nd period - Joe Pavelski wins face-off versus Oskar Sundqvist in OKANAGAN RATTLESNAKES zone.
4:15 of 2nd period - Shot by Anders Lee.
4:15 of 2nd period - Stopped by Anton Forsberg without a rebound.
4:16 of 2nd period - Alexander Wennberg wins face-off versus Jordan Staal in WINNIPEG BEAVERS zone.
4:19 of 2nd period - Shot by Jordan Eberle.
4:19 of 2nd period - Shot Misses the Net.
5:45 of 2nd period - Shot by Anders Lee.
5:45 of 2nd period - Goal by Anders Lee - OKANAGAN RATTLESNAKES : 1 - WINNIPEG BEAVERS : 1.
5:46 of 2nd period - Joe Thornton wins face-off versus Luke Kunin in neutral zone.
5:48 of 2nd period - Off-side.
5:49 of 2nd period - Joe Pavelski wins face-off versus Oskar Sundqvist in neutral zone.
5:53 of 2nd period - Victor Hedman is hit by Mattias Ekholm.
6:01 of 2nd period - Shot by Brad Marchand.
6:01 of 2nd period - Stopped by Ville Husso with a rebound.
6:03 of 2nd period - Shot by Victor Hedman.
6:03 of 2nd period - Shot Blocked by Mattias Ekholm.
6:05 of 2nd period - Shot by Brad Marchand.
6:05 of 2nd period - Shot Blocked by Mattias Ekholm.
6:07 of 2nd period - Shot by Joe Pavelski.
6:07 of 2nd period - Shot Misses the Net.
6:09 of 2nd period - Shot by Joe Pavelski.
6:09 of 2nd period - Shot Misses the Net.
7:02 of 2nd period - Off-side.
7:03 of 2nd period - Brandon Tanev wins face-off versus Alexander Wennberg in neutral zone.
7:16 of 2nd period - Shot by Sean Kuraly.
7:16 of 2nd period - Shot Misses the Net.
7:18 of 2nd period - Shot by Tyler Ennis.
7:18 of 2nd period - Stopped by Ville Husso with a rebound.
7:36 of 2nd period - Shot by Brandon Tanev.
7:36 of 2nd period - Stopped by Ville Husso without a rebound.
7:37 of 2nd period - Jordan Staal wins face-off versus Lars Eller in OKANAGAN RATTLESNAKES zone.
7:37 of 2nd period - Jordan Staal is hit by Jani Hakanpaa.
7:57 of 2nd period - Shot by Jack Roslovic.
7:57 of 2nd period - Stopped by Ville Husso without a rebound.
7:58 of 2nd period - Eric Robinson wins face-off versus Joe Pavelski in OKANAGAN RATTLESNAKES zone.
8:22 of 2nd period - Shot by Brad Marchand.
8:22 of 2nd period - Shot Blocked by Justin Faulk.
9:40 of 2nd period - Icing by Lars Eller.
9:41 of 2nd period - Lars Eller wins face-off versus Sean Kuraly in OKANAGAN RATTLESNAKES zone.
9:41 of 2nd period - Lars Eller is hit by Sean Kuraly.
9:46 of 2nd period - Anders Lee is hit by Brandon Tanev and loses puck.
10:20 of 2nd period - Jordan Eberle is hit by Chris Tanev and loses puck.
11:15 of 2nd period - Shot by Joe Pavelski.
11:15 of 2nd period - Stopped by Ville Husso with a rebound.
11:17 of 2nd period - Shot by Joe Pavelski.
11:17 of 2nd period - Stopped by Ville Husso without a rebound.
11:18 of 2nd period - Jordan Staal wins face-off versus Lars Eller in OKANAGAN RATTLESNAKES zone.
11:34 of 2nd period - Jack Roslovic is hit by Vince Dunn and loses puck.
11:39 of 2nd period - Shot by Jordan Staal.
11:39 of 2nd period - Shot Misses the Net.
11:41 of 2nd period - Shot by Jordan Staal.
11:41 of 2nd period - Shot Misses the Net.
11:50 of 2nd period - Icing by Lars Eller.
11:51 of 2nd period - Lars Eller wins face-off versus Brad Marchand in OKANAGAN RATTLESNAKES zone.
12:01 of 2nd period - Lars Eller is hit by Brad Marchand and loses puck.
12:23 of 2nd period - Icing by Rasmus Ristolainen.
12:24 of 2nd period - Alexander Wennberg wins face-off versus Joe Pavelski in WINNIPEG BEAVERS zone.
12:51 of 2nd period - Shot by Jordan Eberle.
12:51 of 2nd period - Shot Misses the Net.
13:20 of 2nd period - Minor Penalty to Darren Helm for Boarding.
13:21 of 2nd period - Jack Roslovic wins face-off versus T.J. Oshie in OKANAGAN RATTLESNAKES zone.
13:42 of 2nd period - Shot by Chris Tanev.
13:42 of 2nd period - Stopped by Ville Husso without a rebound.
13:43 of 2nd period - Jordan Staal wins face-off versus T.J. Oshie in OKANAGAN RATTLESNAKES zone.
14:08 of 2nd period - Shot by Jordan Staal.
14:08 of 2nd period - Goal by Jordan Staal - OKANAGAN RATTLESNAKES : 1 - WINNIPEG BEAVERS : 2.
14:09 of 2nd period - Sean Kuraly wins face-off versus Alexander Wennberg in neutral zone.
15:25 of 2nd period - Icing by Brandon Tanev.
15:26 of 2nd period - Lars Eller wins face-off versus Sean Kuraly in WINNIPEG BEAVERS zone.
15:39 of 2nd period - Shot by Anders Lee.
15:39 of 2nd period - Shot Misses the Net.
15:41 of 2nd period - Shot by Lars Eller.
15:41 of 2nd period - Shot Misses the Net.
16:20 of 2nd period - Icing by Chris Tanev.
16:21 of 2nd period - Jordan Staal wins face-off versus Alexander Wennberg in WINNIPEG BEAVERS zone.
16:37 of 2nd period - Shot by Ondrej Palat.
16:37 of 2nd period - Deflect By Jack Roslovic.
16:37 of 2nd period - Shot Misses the Net.
17:29 of 2nd period - Shot by Joe Pavelski.
17:29 of 2nd period - Shot Misses the Net.
18:22 of 2nd period - Shot by Lars Eller.
18:22 of 2nd period - Stopped by Anton Forsberg without a rebound.
18:23 of 2nd period - Joe Thornton wins face-off versus Luke Kunin in WINNIPEG BEAVERS zone.
18:27 of 2nd period - Seth Griffith is hit by Ryan Reaves and loses puck.
18:51 of 2nd period - Icing by Caleb Jones.
18:52 of 2nd period - Lars Eller wins face-off versus Joe Thornton in WINNIPEG BEAVERS zone.
18:58 of 2nd period - Shot by Lars Eller.
18:58 of 2nd period - Shot Misses the Net.
19:00 of 2nd period - Shot by Justin Faulk.
19:00 of 2nd period - Stopped by Anton Forsberg without a rebound.
19:01 of 2nd period - Lars Eller wins face-off versus Brandon Tanev in WINNIPEG BEAVERS zone.
19:12 of 2nd period - Shot by Brandon Tanev.
19:12 of 2nd period - Shot Misses the Net.
Goals for this period are 1 for OKANAGAN RATTLESNAKES vs 1 for WINNIPEG BEAVERS.
Shots for this period are 4 for OKANAGAN RATTLESNAKES vs 11 for WINNIPEG BEAVERS.

3rd period


0:01 of 3rd period - Jordan Staal wins face-off versus Lars Eller in neutral zone.
0:46 of 3rd period - Icing by T.J. Oshie.
0:47 of 3rd period - Joe Pavelski wins face-off versus Lars Eller in OKANAGAN RATTLESNAKES zone.
1:17 of 3rd period - Icing by Mattias Ekholm.
1:18 of 3rd period - Lars Eller wins face-off versus Joe Thornton in OKANAGAN RATTLESNAKES zone.
1:47 of 3rd period - Shot by Steven Lorentz.
1:47 of 3rd period - Shot Misses the Net.
2:14 of 3rd period - Shot by Jordan Staal.
2:14 of 3rd period - Shot Misses the Net.
2:26 of 3rd period - Shot by Jack Roslovic.
2:26 of 3rd period - Stopped by Ville Husso without a rebound.
2:27 of 3rd period - Joe Pavelski wins face-off versus Oskar Sundqvist in OKANAGAN RATTLESNAKES zone.
4:13 of 3rd period - Shot by T.J. Oshie.
4:13 of 3rd period - Deflect By Anders Lee.
4:13 of 3rd period - Shot Misses the Net.
4:20 of 3rd period - Justin Faulk is hit by Rasmus Ristolainen and loses puck.
5:20 of 3rd period - Shot by Mike Hoffman.
5:20 of 3rd period - Stopped by Anton Forsberg with a rebound.
6:05 of 3rd period - Shot by Alexander Radulov.
6:05 of 3rd period - Stopped by Ville Husso without a rebound.
6:06 of 3rd period - Luke Kunin wins face-off versus Joe Thornton in OKANAGAN RATTLESNAKES zone.
6:06 of 3rd period - Justin Faulk is hit by Rasmus Ristolainen and loses puck.
7:34 of 3rd period - Shot by Lars Eller.
7:34 of 3rd period - Shot Misses the Net.
7:36 of 3rd period - Shot by T.J. Oshie.
7:36 of 3rd period - Goal by T.J. Oshie - OKANAGAN RATTLESNAKES : 2 - WINNIPEG BEAVERS : 2.
7:37 of 3rd period - Joe Pavelski wins face-off versus Oskar Sundqvist in neutral zone.
7:44 of 3rd period - Shot by Joe Pavelski.
7:44 of 3rd period - Stopped by Ville Husso with a rebound.
7:47 of 3rd period - Minor Penalty to Vince Dunn for Hooking.
7:48 of 3rd period - T.J. Oshie wins face-off versus Jordan Staal in OKANAGAN RATTLESNAKES zone.
8:38 of 3rd period - Off-side.
8:39 of 3rd period - T.J. Oshie wins face-off versus Jack Roslovic in neutral zone.
9:35 of 3rd period - Shot by Brad Marchand.
9:35 of 3rd period - Stopped by Ville Husso without a rebound.
9:36 of 3rd period - Jordan Staal wins face-off versus Jordan Eberle in OKANAGAN RATTLESNAKES zone.
10:05 of 3rd period - Shot by Tyler Ennis.
10:05 of 3rd period - Stopped by Ville Husso with a rebound.
10:48 of 3rd period - Icing by Joe Pavelski.
10:49 of 3rd period - Joe Pavelski wins face-off versus T.J. Oshie in WINNIPEG BEAVERS zone.
11:42 of 3rd period - Shot by Jordan Staal.
11:42 of 3rd period - Stopped by Ville Husso with a rebound.
13:11 of 3rd period - Shot by Jordan Eberle.
13:11 of 3rd period - Shot Misses the Net.
13:29 of 3rd period - Icing by Rasmus Ristolainen.
13:30 of 3rd period - Joe Thornton wins face-off versus Oskar Sundqvist in WINNIPEG BEAVERS zone.
13:45 of 3rd period - Shot by Darren Helm.
13:45 of 3rd period - Stopped by Anton Forsberg with a rebound.
13:47 of 3rd period - Shot by Oskar Sundqvist.
13:47 of 3rd period - Stopped by Anton Forsberg with a rebound.
13:49 of 3rd period - Shot by Jani Hakanpaa.
13:49 of 3rd period - Shot Misses the Net.
13:58 of 3rd period - Darren Helm is hit by Rasmus Ristolainen and loses puck.
14:15 of 3rd period - Jani Hakanpaa is hit by Joe Thornton and loses puck.
15:07 of 3rd period - Icing by Travis Dermott.
15:08 of 3rd period - Jordan Staal wins face-off versus Oskar Sundqvist in OKANAGAN RATTLESNAKES zone.
15:09 of 3rd period - Shot by Ondrej Palat.
15:09 of 3rd period - Stopped by Ville Husso with a rebound.
15:40 of 3rd period - Shot by Mike Hoffman.
15:40 of 3rd period - Stopped by Anton Forsberg with a rebound.
15:56 of 3rd period - Icing by Ondrej Palat.
15:57 of 3rd period - Jordan Staal wins face-off versus Lars Eller in WINNIPEG BEAVERS zone.
15:57 of 3rd period - Jordan Staal is hit by Lars Eller.
16:08 of 3rd period - Minor Penalty to Sean Kuraly for Hooking.
16:09 of 3rd period - Joe Pavelski wins face-off versus Lars Eller in WINNIPEG BEAVERS zone.
16:24 of 3rd period - Icing by Mattias Ekholm.
16:25 of 3rd period - Lars Eller wins face-off versus Joe Pavelski in OKANAGAN RATTLESNAKES zone.
16:32 of 3rd period - Brad Marchand is hit by Anders Lee and loses puck.
16:43 of 3rd period - Shot by Joe Pavelski.
16:43 of 3rd period - Stopped by Ville Husso without a rebound.
16:44 of 3rd period - Jordan Staal wins face-off versus Alexander Wennberg in OKANAGAN RATTLESNAKES zone.
16:56 of 3rd period - Icing by Jordan Eberle.
16:57 of 3rd period - Joe Pavelski wins face-off versus Alexander Wennberg in OKANAGAN RATTLESNAKES zone.
18:14 of 3rd period - Shot by Tyler Ennis.
18:14 of 3rd period - Shot Misses the Net.
18:16 of 3rd period - Shot by Sean Kuraly.
18:16 of 3rd period - Shot Misses the Net.
18:22 of 3rd period - Shot by Brandon Tanev.
18:22 of 3rd period - Shot Misses the Net.
18:31 of 3rd period - Shot by Caleb Jones.
18:31 of 3rd period - Stopped by Ville Husso without a rebound.
18:32 of 3rd period - Jordan Staal wins face-off versus Luke Kunin in OKANAGAN RATTLESNAKES zone.
18:46 of 3rd period - Luke Kunin is hit by Rasmus Ristolainen and loses puck.
19:42 of 3rd period - Shot by Anders Lee.
19:42 of 3rd period - Shot Misses the Net.
19:44 of 3rd period - Shot by Anders Lee.
19:44 of 3rd period - Stopped by Anton Forsberg without a rebound.
19:45 of 3rd period - Oskar Sundqvist wins face-off versus Sean Kuraly in WINNIPEG BEAVERS zone.
19:45 of 3rd period - Justin Faulk is hit by Carson Soucy and loses puck.
Goals for this period are 1 for OKANAGAN RATTLESNAKES vs 0 for WINNIPEG BEAVERS.
Shots for this period are 6 for OKANAGAN RATTLESNAKES vs 9 for WINNIPEG BEAVERS.

Overtime #1


0:01 of 1st overtime period - Lars Eller wins face-off versus Joe Pavelski in neutral zone.
0:12 of 1st overtime period - Shot by T.J. Oshie.
0:12 of 1st overtime period - Shot Misses the Net.
0:58 of 1st overtime period - Off-side.
0:59 of 1st overtime period - Jordan Staal wins face-off versus Anders Lee in neutral zone.
1:12 of 1st overtime period - Shot by Jordan Staal.
1:12 of 1st overtime period - Stopped by Ville Husso with a rebound.
1:14 of 1st overtime period - Shot by Jordan Staal.
1:14 of 1st overtime period - Stopped by Ville Husso with a rebound.
1:22 of 1st overtime period - Shot by Jordan Staal.
1:22 of 1st overtime period - Stopped by Ville Husso without a rebound.
1:23 of 1st overtime period - Joe Pavelski wins face-off versus Lars Eller in OKANAGAN RATTLESNAKES zone.
2:20 of 1st overtime period - Shot by Jordan Staal.
2:20 of 1st overtime period - Stopped by Ville Husso without a rebound.
2:21 of 1st overtime period - Jordan Staal wins face-off versus Anders Lee in OKANAGAN RATTLESNAKES zone.
2:28 of 1st overtime period - Shot by Ondrej Palat.
2:28 of 1st overtime period - Stopped by Ville Husso without a rebound.
2:29 of 1st overtime period - Anders Lee wins face-off versus Joe Pavelski in OKANAGAN RATTLESNAKES zone.
2:43 of 1st overtime period - Shot by Anders Lee.
2:43 of 1st overtime period - Shot Blocked by Victor Hedman.
3:06 of 1st overtime period - Shot by Anders Lee.
3:06 of 1st overtime period - Stopped by Anton Forsberg with a rebound.
3:08 of 1st overtime period - Shot by Jordan Eberle.
3:08 of 1st overtime period - Stopped by Anton Forsberg without a rebound.
3:09 of 1st overtime period - Jordan Staal wins face-off versus Lars Eller in WINNIPEG BEAVERS zone.
3:29 of 1st overtime period - Shot by T.J. Oshie.
3:29 of 1st overtime period - Shot Misses the Net.
3:47 of 1st overtime period - Shot by Lars Eller.
3:47 of 1st overtime period - Stopped by Anton Forsberg with a rebound.
Goals for this period are 0 for OKANAGAN RATTLESNAKES vs 0 for WINNIPEG BEAVERS.
Shots for this period are 3 for OKANAGAN RATTLESNAKES vs 5 for WINNIPEG BEAVERS.

ShootOut


5:00 of 1st overtime period - Round #1.
5:00 of 1st overtime period - OKANAGAN RATTLESNAKES, T.J. Oshie.
5:00 of 1st overtime period - Goal by T.J. Oshie.
5:00 of 1st overtime period - WINNIPEG BEAVERS, Joe Pavelski.
5:00 of 1st overtime period - Stopped by Ville Husso.
5:00 of 1st overtime period - Round #2.
5:00 of 1st overtime period - OKANAGAN RATTLESNAKES, Lars Eller.
5:00 of 1st overtime period - Stopped by Anton Forsberg.
5:00 of 1st overtime period - WINNIPEG BEAVERS, Brad Marchand.
5:00 of 1st overtime period - Shot Misses the Net.
5:00 of 1st overtime period - Round #3.
5:00 of 1st overtime period - OKANAGAN RATTLESNAKES, Jordan Eberle.
5:00 of 1st overtime period - Shot Misses the Net.
5:00 of 1st overtime period - WINNIPEG BEAVERS, Jordan Staal.
5:00 of 1st overtime period - Stopped by Ville Husso.


JOHNNY
GAUDREAU
MATTHEW
BOLDY
OWEN
TIPPETT

EAST COAST

HOCKEY LEAGUE

  • 29.PIT6MAN7
  • 30.ATL6NHW2
  • 31.WOR4PET3
  • 32.3RHI4
  • 33.CHIQUE
  • 34.LIMCHA
  • 35.LONTRV
  • 36.BALCHW